 Dungeon Crawl Stone Soup version 0.27.1-4-g1640c2035a (webtiles) character file.

Game seed: 570139044227700055

62339 pkoi the Brawler (level 14, -4/133 HPs)
             Began as a Troll Gladiator on Nov 16, 2021.
             Was the Champion of Dithmenos.
             Slain by an ettin (29 damage)
             ... while paralysed by an orc sorcerer
             ... on level 2 of the Orcish Mines on Nov 17, 2021.
             The game lasted 00:28:00 (18617 turns).

pkoi the Brawler (Troll Gladiator)                 Turns: 18617, Time: 00:28:01

Health: -4/133     AC: 11    Str: 28    XL:     14   Next: 64%
Magic:  15/15      EV:  1    Int:  5    God:    Dithmenos [******]
Gold:   1676       SH:  0    Dex: 14    Spells: 15/16 levels left

rFire    + . .     SeeInvis +   b - +8 longbow "Zephyr" {speed, Dex+3 SInv}
rCold    . . .     Faith    .   (shield currently unavailable)
rNeg     . . .     Spirit   .   g - +0 steam dragon scales
rPois    +         Reflect  +   i - +1 hat
rElec    .         Harm     .   M - +2 cloak {Stlth+}
rCorr    .         Rampage  .   (gloves unavailable)
Will     +....                  (boots unavailable)
Stlth    ++++++++..             j - amulet of reflection
HPRegen  1.32/turn              u - ring of poison resistance
MPRegen  0.14/turn              w - ring of protection from fire

@: paralysed, wreathed by umbra, studying Unarmed Combat
A: large, unfitting armour, claws 3, regeneration 1, shaggy fur 1, tough skin 1
a: Renounce Religion, Shadow Step, Shadow Form


You were on level 2 of the Orcish Mines.
You worshipped Dithmenos.
Dithmenos was exalted by your worship.
You visited 5 branches of the dungeon, and saw 22 of its levels.

You collected 1724 gold pieces.
You spent 48 gold pieces at shops.

Inventory:

Hand Weapons
 b - the +8 longbow "Zephyr" (weapon) {speed, Dex+3 SInv}
   (You acquired it on level 4 of the Dungeon)

   Attacks with this weapon are significantly faster.
   Dex:       It affects your dexterity (+3).
   SInv:      It lets you see invisible.
Missiles
 c - 3 throwing nets
 q - 103 arrows (quivered ammo)
Armour
 g - +0 steam dragon scales (worn)
 i - a +1 hat (worn)
 M - a +2 cloak of stealth (worn)
Jewellery
 j - an amulet of reflection (around neck)
 u - a ring of poison resistance (left claw)
 w - a ring of protection from fire (right claw)
 y - a ring of flight
 F - a ring of willpower
 I - an amulet of regeneration
Wands
 l - a wand of iceblast (24)
 v - a wand of acid (24)
 x - a wand of polymorph (13)
 C - a wand of charming (7)
 E - a wand of mindburst (10)
 K - a wand of flame (23)
Scrolls
 d - 3 scrolls of enchant armour
 n - a scroll of fear
 o - 2 scrolls of blinking
 p - 3 scrolls of amnesia
 s - 4 scrolls of teleportation
 B - a scroll of fog
 G - a scroll of magic mapping
 J - 3 scrolls of identify
 L - 2 scrolls of brand weapon
Potions
 a - 2 potions of ambrosia
 e - 11 potions of curing
 f - 3 potions of flight
 h - 5 potions of brilliance
 k - 8 potions of might
 m - 3 potions of magic
 r - 6 potions of heal wounds
 t - a potion of cancellation
 z - 2 potions of invisibility
 A - a potion of berserk rage
 D - 2 potions of resistance


   Skills:
 - Level 7.3 Fighting
 + Level 10.3 Bows
 - Level 1.7 Throwing
 - Level 7.5 Dodging
 - Level 7.3 Stealth
 - Level 15.1 Unarmed Combat
 - Level 1.7 Spellcasting
 - Level 2.2 Translocations


You had 15 spell levels left.
You knew the following spells:

 Your Spells              Type           Power      Damage    Failure   Level
a - Apportation           Tloc           4%         N/A       19%         1

Your spell library contained the following spells:

 Spells                   Type           Power      Damage    Failure   Level
 Animate Skeleton         Necr           0%         N/A       41%         1
 Corona                   Hex            0%         N/A       41%         1
 Magic Dart               Conj           0%         1d3       41%         1
 Summon Small Mammal      Summ           0%         N/A       41%         1
 Gell's Gravitas          Tloc           1%         N/A       50%         3
 Teleport Other           Tloc           2%         N/A       50%         3
 Searing Ray              Conj           0%         3d3       56%         2
 Portal Projectile        Hex/Tloc       2%         N/A       65%         3
 Call Canine Familiar     Summ           0%         N/A       80%         3
 Dazzling Flash           Conj/Hex       0%         N/A       80%         3
 Summon Guardian Golem    Hex/Summ       0%         N/A       80%         3
 Fulminant Prism          Conj/Hex       0%         3d6       99%         4
 Agony                    Necr           0%         N/A       100%        5
 Blade Hands              Tmut           0%         N/A       100%        5
 Excruciating Wounds      Necr           0%         N/A       100%        5
 Fireball                 Conj/Fire      0%         3d3       100%        5
 Iskenderun's Battlesphe  Conj           0%         2d6       100%        5
 Silence                  Hex/Air        0%         N/A       100%        5
 Conjure Ball Lightning   Conj/Air       0%         3x3d6     100%        6
 Dispersal                Tloc           1%         N/A       100%        6
 Orb of Destruction       Conj           0%         N/A       100%        7


Dungeon Overview and Level Annotations

Branches:
Dungeon (12/15)            Temple (1/1) D:5            Lair (6/6) D:8
 Shoals (1/4) Lair:3       Spider (0/4) Lair:2        Slime (0/5) Lair:5
    Orc (2/2) D:10            Elf (0/3) Orc:2

Altars:
Ashenzari
Cheibriados
Dithmenos
Elyvilon
Fedhas
Gozag
Hepliaklqana
Kikubaaqudgha
Makhleb
Nemelex Xobeh
Okawaru
Qazlal
Ru
Sif Muna
Trog
Uskayaw
Vehumet
Wu Jian
Xom
Yredelemnul
Zin
The Shining One
Beogh
Jiyva

Shops:
D:4 *   D:5 [   Orc:2 ?(

Annotations:
D:9 1 runed translucent door, jjjjhere's ghost, novice SpCj
Lair:4 3 runed translucent doors, Fiha's ghost, journeyman VSTm; HunfridMar's ghost, journeyman DECj; Kyusiynim's ghost, journeyman GnEn; runemage's ghost, journeyman GnFi


Innate Abilities, Weirdness & Mutations

You are too large for most types of armour.
You have claws for hands.
Your natural rate of healing is unusually fast.
You are covered in fur. (AC +1)
You have tough skin. (AC +1)


Message History

The arrow completely misses the sixfirhy.
The sixfirhy hits you but does no damage.
You shoot an arrow. The arrow closely misses the sixfirhy.
You shoot an arrow. The arrow closely misses the sixfirhy.
The arrow hits the ettin!
The ettin is moderately wounded.
Your shadow shoots an arrow.
The arrow completely misses the sixfirhy.
The arrow hits the ettin!
You shoot an arrow. The arrow barely misses the sixfirhy.
The arrow hits the ettin.
The ettin is heavily wounded.
Your shadow shoots an arrow.
The arrow misses the sixfirhy.
The arrow hits the ettin.
The sixfirhy hits you!
You emit a cloud of dark smoke.
The sixfirhy shocks you!
You shoot an arrow. The arrow misses the sixfirhy.
The sixfirhy barely misses you.
The sixfirhy hits you but does no damage.
The sixfirhy hits you! The sixfirhy shocks you!
You are too injured to fight recklessly!
You are too injured to fight recklessly!
You are too injured to fight recklessly!
You are too injured to fight recklessly!
You are too injured to fight recklessly!
The sixfirhy hits you but does no damage.
The sixfirhy barely misses you.
The sixfirhy hits you but does no damage. x2
The orc sorcerer casts a spell at you.
You suddenly lose the ability to move!
The ettin hits you with a +0 dire flail!!!
* * * LOW HITPOINT WARNING * * *
The ettin hits you with a +0 dire flail!!
* * * LOW HITPOINT WARNING * * *
You hear a shout!
The sixfirhy hits you!
* * * LOW HITPOINT WARNING * * *
The sixfirhy shocks you!
* * * LOW HITPOINT WARNING * * *
The ettin hits you with a +0 dire flail!!
You die...

..§. §.##.(§§<§#
#≈§≈≈#..#≈≈≈≈(§#
#≈≈≈≈#.(#§≈§§..#
#≈≈.≈#(.#≈(≈§T.#
§≈.#§§#§≈≈§§.#
#####§§§§####§.#
##....§§§§§o((.(#
#.....§§3C.§.T..#
..####§.@§####..#
...§≈≈.#..#.≈≈≈..#
...≈≈.≈#..#≈.≈≈..#
##.≈≈≈≈#..#≈§≈§..#
##≈§≈≈#..#≈≈≈≈..#
###............#
##...........#
##.#........#
##...†.....#


You could see an ettin, a sixfirhy (summoned) and an orc sorcerer.

Vanquished Creatures
  An orc warlord (Orc:2)
  A dire elephant (Lair:6)
  An ettin (Orc:2)
  6 boulder beetles
  4 hydras
  Erica (Lair:2)
  2 two-headed ogres (D:12)
  An orc high priest (Orc:2)
  A sun demon (Lair:6)
  Nergalle (D:11)
  Urug (Lair:4)
  A fire crab (Lair:6)
  Pikel (D:8)
  A wizard (Lair:6)
  2 orc knights
  2 manticores
  4 orc sorcerers
  A cyclops (D:12)
  An ugly thing (D:12)
  12 elephants
  Joseph (Lair:1)
  4 black mambas
  2 unseen horrors
  17 cane toads
  5 rime drakes
  2 ice devils (Lair:6)
  13 komodo dragons
  3 kobold demonologists (D:9)
  5 polar bears
  2 hornets
  8 trolls
  14 blink frogs
  9 dream sheep
  A snapping turtle (Lair:3)
  2 redbacks (Lair:2)
  A vampire (D:12)
  A water elemental (Lair:3)
  49 yaks
  7 basilisks
  2 steam dragons
  10 vampire mosquitoes
  7 wargs
  An acid dragon (D:10)
  4 hell hounds (Lair:6)
  10 water moccasins
  Duvessa (D:5)
  16 orc warriors
  A black bear (D:5)
  2 sky beasts
  4 boggarts (Lair:6)
  4 ogres
  2 centaurs
  22 wolves
  A lemure (D:8)
  A kobold brigand (D:9)
  14 bullfrogs
  Dowan (D:5)
  3 gnoll sergeants
  8 killer bees
  A troll skeleton (D:10)
  2 electric eels
  4 wights (D:8)
  5 spriggan skeletons (D:10)
  6 howler monkeys
  A centaur zombie (D:9)
  2 hounds
  8 orc priests
  2 centaur skeletons (D:5)
  2 jellies
  2 bullfrog skeletons
  4 iguanas
  16 orc wizards
  3 killer bee zombies
  A howler monkey skeleton (D:7)
  14 gnolls
  14 adders
  A shadow imp (D:5)
  3 white imps
  An ufetubus (D:5)
  4 worms (D:2)
  2 dart slugs
  35 orcs
  An endoplasm (D:2)
  3 giant cockroaches
  7 goblins
  3 hobgoblins
  5 jackals
  9 kobolds
  A quokka (D:2)
  8 ball pythons
  7 bats
  3 frilled lizards
  5 rats
490 creatures vanquished.

Vanquished Creatures (others)
  26 fungi
  34 plants
60 creatures vanquished.

Grand Total: 550 creatures vanquished

Notes
Turn   | Place    | Note
-------+----------+-------------------------------------------
     0 | D:1      | pkoi the Troll Gladiator began the quest for the Orb.
     0 | D:1      | Reached XP level 1. HP: 19/19 MP: 0/0
    64 | D:1      | Found a faded altar of an unknown god.
   431 | D:1      | Reached XP level 2. HP: 27/27 MP: 1/1
   704 | D:2      | Reached skill level 4 in Unarmed Combat
   724 | D:2      | Reached XP level 3. HP: 33/33 MP: 2/2
  1244 | D:3      | Reached XP level 4. HP: 38/41 MP: 3/3
  1294 | D:3      | Reached skill level 5 in Unarmed Combat
  1859 | D:3      | Reached XP level 5. HP: 48/48 MP: 4/4
  1926 | D:3      | Reached skill level 6 in Unarmed Combat
  1979 | D:4      | Identified a scroll of acquirement
  1979 | D:4      | Acquired the +8 longbow "Zephyr" {speed, Dex+3 SInv}
  1979 | D:4      | Found the +8 longbow "Zephyr" {speed, Dex+3 SInv}
  2220 | D:4      | Found a shimmering blue altar of Sif Muna.
  2394 | D:4      | Reached skill level 1 in Bows
  2619 | D:4      | Found Kotoqyit's General Store.
  2631 | D:4      | Bought a scroll of identify for 24 gold pieces
  2631 | D:4      | Bought a scroll of identify for 24 gold pieces
  3002 | D:5      | Entered Level 5 of the Dungeon
  3023 | D:5      | Reached XP level 6. HP: 55/55 MP: 5/5
  3377 | D:5      | Reached skill level 7 in Unarmed Combat
  3399 | D:5      | Reached XP level 7. HP: 62/62 MP: 6/6
  3426 | D:5      | Noticed Duvessa
  3431 | D:5      | Killed Duvessa
  3433 | D:5      | Noticed Dowan
  3436 | D:5      | Killed Dowan
  3460 | D:5      | Found a stormy altar of Qazlal.
  3698 | D:5      | Found a staircase to the Ecumenical Temple.
  3714 | Temple   | Entered the Ecumenical Temple
  3903 | Temple   | Became a worshipper of Dithmenos the Shadowed
  3970 | D:5      | Found Nito's Armour Emporium.
  4121 | D:6      | Reached skill level 8 in Unarmed Combat
  4160 | D:6      | Noticed a steam dragon
  4165 | D:6      | Killed a steam dragon
  4166 | D:6      | Reached XP level 8. HP: 59/70 MP: 7/7
  4660 | D:7      | Found a basalt altar of Yredelemnul.
  4674 | D:7      | Reached skill level 9 in Unarmed Combat
  4711 | D:7      | Reached * piety under Dithmenos
  5087 | D:7      | Found an ornate altar of the Wu Jian Council.
  5416 | D:7      | Reached skill level 1 in Stealth
  5416 | D:7      | Reached XP level 9. HP: 73/76 MP: 8/8
  5447 | D:7      | Reached skill level 5 in Bows
  5569 | D:8      | Found a bloodstained altar of Trog.
  5953 | D:8      | Reached skill level 10 in Unarmed Combat
  5961 | D:8      | Noticed Pikel
  5970 | D:8      | Killed Pikel
  5994 | D:8      | Found a broken altar of Ashenzari.
  6183 | D:8      | Found a staircase to the Lair.
  6318 | D:9      | Reached ** piety under Dithmenos
  6339 | D:9      | Noticed a kobold demonologist
  6343 | D:9      | Noticed a soul eater
  6346 | D:9      | Killed a kobold demonologist
  6346 | D:9      | Noticed a kobold demonologist
  6347 | D:9      | Reached XP level 10. HP: 68/85 MP: 9/9
  6367 | D:9      | Noticed an orange demon
  6703 | D:9      | Found a runed translucent door.
  6703 | D:9      | Found a shimmering altar of Xom.
  6703 | D:9      | Noticed jjjjhere's ghost (novice SpCj)
  6704 | D:9      | Noticed a +1 mace of chaos
  6944 | D:9      | Found a sparkling altar of Nemelex Xobeh.
  7529 | D:10     | Entered Level 10 of the Dungeon
  7555 | D:10     | Reached skill level 11 in Unarmed Combat
  7799 | D:10     | Found a sacrificial altar of Ru.
  7800 | D:10     | Found a burning altar of Makhleb.
  8182 | D:10     | Reached *** piety under Dithmenos
  8645 | D:10     | Found a staircase to the Orcish Mines.
  8758 | D:11     | Noticed a seven-headed hydra
  8795 | Orc:1    | Entered Level 1 of the Orcish Mines
  8881 | D:11     | Killed a seven-headed hydra
  8882 | D:11     | Reached XP level 11. HP: 97/97 MP: 10/10
  9151 | D:11     | Noticed a boulder beetle
  9166 | D:11     | Killed a boulder beetle
  9325 | D:11     | Noticed Nergalle
  9339 | D:11     | Killed Nergalle
  9766 | D:12     | Noticed a red ugly thing
  9776 | D:12     | Killed a red ugly thing
  9819 | D:12     | Noticed a two-headed ogre
  9826 | D:12     | Killed a two-headed ogre
  9985 | D:12     | Reached skill level 5 in Dodging
 10044 | D:12     | Noticed a boulder beetle
 10061 | D:12     | Killed a boulder beetle
 10107 | D:12     | Reached skill level 12 in Unarmed Combat
 10241 | D:12     | Reached skill level 5 in Stealth
 10346 | D:12     | Noticed a two-headed ogre
 10350 | D:12     | Killed a two-headed ogre
 10351 | D:12     | Reached skill level 5 in Fighting
 10390 | D:12     | Reached **** piety under Dithmenos
 10394 | D:12     | Reached XP level 12. HP: 107/111 MP: 11/11
 10685 | Lair:1   | Entered Level 1 of the Lair of Beasts
 10685 | Lair:1   | Noticed Joseph
 10699 | Lair:1   | Killed Joseph
 10767 | Lair:1   | Noticed a five-headed hydra
 10774 | Lair:1   | Killed a five-headed hydra
 11571 | Lair:1   | Noticed an eight-headed hydra
 11579 | Lair:1   | Killed an eight-headed hydra
 11727 | Lair:2   | Reached ***** piety under Dithmenos
 11872 | Lair:2   | Noticed Erica
 11879 | Lair:2   | Killed Erica
 11968 | Lair:2   | Found a hole to the Spider Nest.
 12628 | Lair:2   | You fall into a shaft and drop 2 floors!
 13190 | Lair:2   | Acquired a manual of Unarmed Combat
 13396 | Lair:3   | Reached XP level 13. HP: 117/122 MP: 12/12
 13478 | Lair:3   | Found a staircase to the Shoals.
 13751 | Lair:4   | Noticed Urug
 13808 | Lair:4   | Killed Urug
 13919 | Lair:4   | Reached skill level 13 in Unarmed Combat
 13966 | Lair:4   | Found a runed translucent gate.
 13966 | Lair:4   | Found a runed translucent gate.
 13966 | Lair:4   | Found a runed translucent gate.
 13968 | Lair:4   | Noticed HunfridMar's ghost (journeyman DECj)
 13968 | Lair:4   | Noticed runemage's ghost (journeyman GnFi)
 13969 | Lair:4   | Noticed Kyusiynim's ghost (journeyman GnEn)
 13969 | Lair:4   | Noticed Fiha's ghost (journeyman VSTm)
 13971 | Lair:4   | Noticed HunfridMar's ghost (journeyman DECj)
 14248 | Lair:4   | Learned a level 1 spell: Apportation
 14796 | Lair:5   | Reached skill level 1 in Translocations
 14857 | Lair:5   | Reached skill level 1 in Spellcasting
 15588 | Lair:5   | Found a staircase to the Slime Pits.
 15589 | Lair:5   | Found a viscous altar of Jiyva.
 15812 | Lair:6   | Entered Level 6 of the Lair of Beasts
 15897 | Lair:6   | Reached ****** piety under Dithmenos
 15901 | Lair:6   | Reached skill level 14 in Unarmed Combat
 16244 | Lair:6   | Reached XP level 14. HP: 133/133 MP: 15/15
 17218 | Lair:6   | Found a burning altar of Makhleb.
 17250 | Lair:6   | Reached skill level 15 in Unarmed Combat
 17417 | Shoals:1 | Entered Level 1 of the Shoals
 17427 | Shoals:1 | HP: 4/133 [faun/stone (6)]
 18100 | Orc:2    | Entered Level 2 of the Orcish Mines
 18100 | Orc:2    | Found Zeygam's Weapon Shoppe.
 18277 | Orc:2    | Noticed an orc warlord
 18288 | Orc:2    | Noticed an orc warlord
 18292 | Orc:2    | Killed an orc warlord
 18293 | Orc:2    | Reached skill level 10 in Bows
 18460 | Orc:2    | Found a staircase to the Elven Halls.
 18465 | Orc:2    | Paralysed by an orc sorcerer for 3 turns
 18572 | Orc:2    | Found Hakul's Magic Scroll Shoppe.
 18615 | Orc:2    | Paralysed by an orc sorcerer for 6 turns
 18617 | Orc:2    | Slain by an ettin

Illustrated notes

Levels and vault maps discovered:
D:1:      saegor_arrival_simple_b, layout_basic,
          hellmonk_ecumenical_altar_blasted, chequers_serial_rivers_small_a
D:2:      layout_rooms
D:3:      layout_loops_ring, minmay_snake_closets
D:4:      layout_loops_ring, nicolae_sif_muna_little_library,
          chequers_ossuary_entry_cave, serial_shops, nicolae_shop_trees,
          roderic_lattice_a, glass_columns_b, roderic_roman_lattice
D:5:      layout_loops_ring, nicolae_qazlal_scattered_showers, temple_green,
          serial_shops, nicolae_shop_behind_doors, uniq_duvessa
D:6:      layout_cave_pools
D:7:      layout_basic, mainiacjoe_overflow_alcove_4,
          mainiacjoe_overflow_small_starburst, serial_glass, glass_columns_a,
          glass_columns_a, due_unseen_surprise, feat_on_display,
          item_on_display_b, chequers_decorated_corner
D:8:      layout_gridville, old_standard_altar, trog_three_pillars_becter,
          lair_entry_dummy, uniq_pikel
D:9:      layout_loops_ring, lemuel_doored_altar, ebering_ghost_xom
D:10:     layout_gridville, gammafunk_temple_overflow_pools, orc_0_dummy,
          hangedman_tell_no_tales
D:11:     layout_rooms, uniq_nergalle
D:12:     layout_roguey
Temple:   dshaligram_water_room_temple
Lair:1:   layout_chaotic_city, serial_bayou_crossing, uniq_joseph
Lair:2:   layout_misc_corridors, spider_nest_entry_webs, grunt_megastairs_4,
          lemuel_fruit_tree, infiniplex_staircase_pool, uniq_erica
Lair:3:   layout_regular_city, minmay_shoals_entry_hut, serial_bayou_lagoon_a,
          serial_bayou_pond_e
Lair:4:   layout_hall_layers, gammafunk_ghost_cemetery, uniq_urug
Lair:5:   layout_cave_shapes, slime_altar_1, minivault_24, beast_lair_carwin_7
Lair:6:   evil_forest, layout_loops_ring, kilobyte_rumbling_trees
Shoals:1: layout_shoals, serial_shops, nicolae_diamond_shop,
          nicolae_shoals_drake_roost
Orc:1:    layout_caves, basic_altar
Orc:2:    st_orc_congregation, layout_caves, guppyfry_orc_lava_fort

Skill      XL: |  1  2  3  4  5  6  7  8  9 10 11 12 13 14 |
---------------+-------------------------------------------+-----
Unarmed Combat | 4 5 6 7 8 9 10 11 12 14 15 | 15.1
Bows           | 1 2 3 4 6 7 8 9 10 | 10.3
Stealth        | 1 3 4 5 6 7 |  7.3
Fighting       | 3 5 6 7 |  7.3
Dodging        | 3 5 6 7 |  7.5
Translocations | 2 |  2.2
Spellcasting   | 1 |  1.7
Throwing       | |  1.7

Action                   |  1- 3 |  4- 6 |  7- 9 | 10-12 | 13-15 || total
-------------------------+-------+-------+-------+-------+-------++-------
Melee: Unarmed           |    80 |    94 |    68 |   136 |   166 ||   544
       Punch             |     1 |     1 |     3 |     6 |    16 ||    27
 Fire: Longbow           |       |    50 |   124 |   488 |   500 ||  1162
  Use: Scroll            |     3 |     8 |     2 |    10 |     9 ||    32
 Stab: Sleeping          |       |     1 |       |       |       ||     1
Armor: Robe              |    37 |    27 |     3 |       |       ||    67
       Steam dragon scal |       |       |    21 |    51 |    75 ||   147
Dodge: Dodged            |    53 |    43 |    32 |   151 |   107 ||   386
Block: Other             |       |     4 |    26 |    49 |    50 ||   129
       Reflection        |       |       |       |     5 |     1 ||     6
